cohdb
Replays
Latest Replays
All Replays
Popular Replays
Top Player Replays
Match Explorer
How It Works
Community
CoH3 Stats
Reddit
Sign in to upload your games and track your stats! →
Sign in with Steam
Match 41868172
Unlisted
Match 41868172
Overview
Messages
Build Orders
End
Panzerpioneer Squad
Panzerpioneer Squad
Selects Panzerjäger Kommand Battlegroup
250 Light Carrier
Panzerpioneer Squad
Construct Light Support Kompanie
Selects GrB 39 Grenade Launcher Requisition
2.5-tonne Medical Truck
Panzerjäger Mechanized Group
2.5-tonne Medical Truck
Construct Mechanized Kompanie
MG34 Team
Selects Crew Shock Tactics
Support Armor Elements
Marder III Tank Destroyer
Pak 38 Mechanized Group
Marder III Tank Destroyer
Selects Anti-tank Overwatch
hotjazz
쿠샨제국
Random_Target
just a chill world leader ♡
0
0
Comments
sign in to comment!
No comments posted yet!